[Event "Thursday 05 April Rapid Engine Tour 12+1 Rounds 9 Starts 1600ST"]
[Site "Infinity Chess"]
[Date "2018.4.5"]
[Round "7"]
[White "MCDermont"]
[Black "localhero"]
[Result "1-0"]
[ECO "D26"]
[WhiteElo "2498"]
[BlackElo "2419"]
[WhiteEngine "BrainFish 010418 WM_CTG"]
[BlackEngine "asmFishW_2017-10-04_popcnt"]
[EventType "Swiss"]
[WhiteTeam ""]
[BlackTeam ""]
[PlyCount "137"]
[TimeControl "720+1"]

1. d4 d5 2. c4 dxc4 3. Nf3 Nf6 4. e3 e6 5. Bxc4 c5 6. O-O a6 7. b3 cxd4 
8. Nxd4 Bd6 9. Bb2 O-O 10. Bd3 b5 11. a4 bxa4 12. Rxa4 Bb7 13. Be2 Nd5 
14. Bf3 Nd7 15. Nc3 N7b6 16. Nxd5 Nxd5 17. Qa1 Qb6 18. Ne2 f6 19. Rg4 Be7 
20. Ng3 g6 21. h4 f5 22. Rc4 Rf7 23. Ne2 Qxb3 24. Rfc1 Qb6 25. h5 Re8 
26. Bxd5 Bxd5 27. Rc8 Bd8 28. Bd4 Qb5 29. Nc3 Qd7 30. Nxd5 Qxd5 31. h6 Rd7 
32. Bf6 e5 33. R8c5 Qd2 34. Bxe5 Bb6 35. R5c3 f4 36. Bxf4 Bd8 37. Rc5 a5 
38. Rc6 Ree7 39. Rf6 Qd5 40. e4 Rxe4 41. Rd6 Qf7 42. Rc8 Rxd6 43. Bxd6 Re8 
44. Bc5 Qd7 45. Bb6 Kf7 46. Bxd8 Rxd8 47. Rc7 Qxc7 48. Qg7+ Ke6 49. Qxc7 Rd1+ 
50. Kh2 Rd7 51. Qxa5 Kf7 52. Qe5 Re7 53. Qd5+ Kf8 54. Kh3 Ke8 55. Kg3 Kf8 
56. Kg4 Re8 57. f4 Ke7 58. Qb7+ Kd6 59. Qxh7 Ra8 60. Qxg6+ Kc5 61. Qe6 Kd4 
62. Qe5+ Kd3 63. Qd5+ Kc2 64. Qxa8 Kd3 65. h7 Kc2 66. Qe4+ Kc1 67. h8=Q Kd2 
68. Qb2+ Kd1 69. Qeb1# 1-0

[Event "Thursday 05 April Rapid Engine Tour 12+1 Rounds 9 Starts 1600ST"]
[Site "Infinity Chess"]
[Date "2018.4.5"]
[Round "7"]
[White "SkyPilot"]
[Black "star99"]
[Result "1/2-1/2 "]
[ECO "C42"]
[WhiteElo "2455"]
[BlackElo "2396"]
[WhiteEngine "stockfish_x64_bmi2_2018_03_30_CTG"]
[BlackEngine "Cryptic Heroes 9.3B"]
[EventType "Swiss"]
[WhiteTeam ""]
[BlackTeam ""]
[PlyCount "245"]
[TimeControl "720+1"]

1. e4 e5 2. Nf3 Nf6 3. Nxe5 d6 4. Nf3 Nxe4 5. d4 d5 6. Bd3 Nc6 7. O-O Be7 
8. c4 Nf6 9. Nc3 O-O 10. h3 Nb4 11. Be2 dxc4 12. Bxc4 c6 13. Re1 Nbd5 
14. Bg5 Be6 15. Qb3 Rb8 16. Nxd5 cxd5 17. Bd3 Re8 18. Re2 h6 19. Bf4 Bd6 
20. Ne5 Nh5 21. Bd2 Nf6 22. Bf4 Ne4 23. Rae1 f6 24. Ng6 Bf7 25. f3 Rc8 
26. Bb5 Re6 27. Qxd5 Nc3 28. Qxe6 Bxe6 29. bxc3 Bf7 30. Re8+ Qxe8 31. Rxe8+ Rxe8 
32. Bxe8 Bxe8 33. Bxd6 Bxg6 34. Kf2 Bd3 35. a4 Kf7 36. a5 b6 37. axb6 axb6 
38. h4 Bc4 39. Bc7 b5 40. h5 g6 41. hxg6+ Kxg6 42. Ke3 Bd5 43. Kf4 h5 
44. Bd8 Bc4 45. Bc7 Bd5 46. Bb6 Bc6 47. Bd8 Bd5 48. Be7 Ba2 49. Ke4 Kf7 
50. Ba3 Ke6 51. Kf4 Kf7 52. Bc5 Ke6 53. Bf8 Kf7 54. Bd6 Ke6 55. Bc7 Bd5 
56. Kg3 Kf7 57. Bb6 Bb3 58. Kf4 Bd5 59. Kg3 Bb7 60. Kh4 Kg6 61. Bd8 Bd5 
62. Ba5 Bb3 63. Bc7 Bd5 64. Bd8 Bc4 65. Kg3 Kg5 66. Be7 Kf5 67. Kh4 Kg6 
68. Ba3 Be6 69. Kg3 Kg5 70. Bc1+ Kf5 71. Bd2 Bc4 72. Kh3 Bb3 73. Kh4 Kg6 
74. Kg3 Bd5 75. Kf4 Kf7 76. Be1 Ke6 77. Bh4 Bb3 78. Ke3 Kf5 79. g3 Bd1 
80. d5 Ke5 81. d6 Kxd6 82. Bxf6 Ke6 83. Bg5 Kf5 84. Bd8 Bb3 85. Kf2 Bd5 
86. Ba5 Be6 87. Ke3 Bd5 88. Bc7 Bb7 89. Ke2 Bd5 90. Ke3 Bc6 91. Bb6 Bd5 
92. Bc5 Bb7 93. Bd4 Bd5 94. Bb6 Bc6 95. Ke2 Bd5 96. Bd8 Bc4+ 97. Kf2 Bg8 
98. Bb6 Bb3 99. Bd8 Bd5 100. Bc7 Bc4 101. Bb6 Bd5 102. Bd8 Bf7 103. Bc7 Be6 
104. Ke3 Bd5 105. Ke2 Bf7 106. Bd8 Bd5 107. Ba5 Ke5 108. Bb4 Ke6 109. Bc5 Kf5 
110. Ke3 Bc4 111. Bd6 Be6 112. Kf2 Bd5 113. Ke3 Bg8 114. Bf4 Bd5 115. Bd6 Bc4 
116. Bc7 Bd5 117. Kf2 Bf7 118. Bd6 Bd5 119. Bc5 Bf7 120. Bb6 Bg8 121. Ke3 Bd5 
122. Bd4 Be6 123. Kd2 1/2-1/2

[Event "Thursday 05 April Rapid Engine Tour 12+1 Rounds 9 Starts 1600ST"]
[Site "Infinity Chess"]
[Date "2018.4.5"]
[Round "7"]
[White "KQRBNP"]
[Black "Vimtiroba"]
[Result "1/2-1/2"]
[ECO "C50"]
[WhiteElo "2411"]
[BlackElo "2409"]
[WhiteEngine "Eman 1.70-beta15 64-bit POPCNT"]
[BlackEngine "SF9 ''M24''_CTG"]
[EventType "Swiss"]
[WhiteTeam ""]
[BlackTeam ""]
[PlyCount "128"]
[TimeControl "720+1"]

1. e4 e5 2. Nf3 Nc6 3. Bc4 Bc5 4. O-O d6 5. c3 Bb6 6. a4 Nf6 7. b4 a5 8. b5 Ne7 
9. Re1 O-O 10. d4 exd4 11. cxd4 d5 12. exd5 Nexd5 13. h3 Be6 14. Bg5 h6 
15. Bh4 Re8 16. Nbd2 Nf4 17. Qc2 g5 18. Bg3 N6h5 19. Rad1 Qf6 20. Bxe6 Rxe6 
21. Rxe6 Qxe6 22. Nc4 Qe2 23. Rd2 Qe6 24. Bxf4 Nxf4 25. Rd1 Rd8 26. Ne3 Nd5 
27. Ng4 Kg7 28. Re1 Qg6 29. Qb3 c6 30. bxc6 bxc6 31. g3 Bc7 32. Nfe5 Bxe5 
33. Nxe5 Qe6 34. h4 Nb4 35. Qxe6 fxe6 36. Re4 Rd5 37. h5 c5 38. dxc5 Rxc5 
39. Kg2 Nd5 40. Rc4 Rxc4 41. Nxc4 Nc3 42. Nxa5 Nxa4 43. Nc4 Nc5 44. Ne5 Ne4 
45. f3 Nd6 46. Nd7 Nc4 47. Nc5 Kf7 48. f4 gxf4 49. gxf4 Ne3+ 50. Kf2 Nf5 
51. Kf3 Nd6 52. Kg3 Nf5+ 53. Kg4 Ke7 54. Kf3 Kf6 55. Nb3 Nd6 56. Nc5 Ke7 
57. Kg4 Kf7 58. Kg3 Kf6 59. Nd7+ Kf5 60. Nc5 Ne4+ 61. Nxe4 Kxe4 62. Kg4 Kd4 
63. f5 exf5+ 64. Kf4 Kc5 1/2-1/2

[Event "Thursday 05 April Rapid Engine Tour 12+1 Rounds 9 Starts 1600ST"]
[Site "Infinity Chess"]
[Date "2018.4.5"]
[Round "7"]
[White "Thinker"]
[Black "CrapCleaner"]
[Result "1/2-1/2"]
[ECO "C55"]
[WhiteElo "2443"]
[BlackElo "2428"]
[WhiteEngine "BrainFish_180329_x64_modern_CTG"]
[BlackEngine "Houdini 6.03 Standard_CTG"]
[EventType "Swiss"]
[WhiteTeam ""]
[BlackTeam ""]
[PlyCount "110"]
[TimeControl "720+1"]

1. e4 e5 2. Nf3 Nc6 3. Bc4 Nf6 4. d3 Bc5 5. c3 d6 6. O-O O-O 7. h3 a6 8. Re1 Ba7 
9. Bb3 h6 10. Nbd2 Re8 11. Nf1 Be6 12. Bc2 d5 13. Qe2 b5 14. Bd2 Qd7 15. Ng3 d4 
16. a4 Bc5 17. Rec1 Qd6 18. Qe1 Bb6 19. Rab1 Rab8 20. b4 dxc3 21. Bxc3 Rbd8 
22. a5 Ba7 23. Bd2 Nd4 24. Nxd4 Bxd4 25. Bb3 c5 26. Bxe6 fxe6 27. Ne2 c4 
28. Nxd4 Qxd4 29. Bc3 Qxd3 30. f3 Qd6 31. Rd1 Qc7 32. Qg3 Nd7 33. h4 Nf8 
34. h5 Qa7+ 35. Kf1 Qf7 36. Qxe5 Nh7 37. Kg1 Nf6 38. Rd6 Nxh5 39. Rbd1 Rxd6 
40. Rxd6 Nf4 41. Bd2 Nd3 42. Qg3 Rc8 43. Bxh6 Nxb4 44. Rxe6 Rc6 45. Rxc6 Nxc6 
46. Qd6 gxh6 47. Qxc6 b4 48. Qxh6 b3 49. Qxa6 b2 50. Qc8+ Kg7 51. Qg4+ Kh7 
52. Qh3+ Kg6 53. Qg4+ Kh7 54. Qh3+ Kg6 55. Qg4+ Kh7 1/2-1/2

[Event "Thursday 05 April Rapid Engine Tour 12+1 Rounds 9 Starts 1600ST"]
[Site "Infinity Chess"]
[Date "2018.4.5"]
[Round "7"]
[White "Prometheus"]
[Black "Time_bandit"]
[Result "1/2-1/2"]
[ECO "C65"]
[WhiteElo "2452"]
[BlackElo "2430"]
[WhiteEngine "Eman 1.70-beta15 64-bit BMI2"]
[BlackEngine "asmFishW_2018-02-02_popcnt"]
[EventType "Swiss"]
[WhiteTeam ""]
[BlackTeam ""]
[PlyCount "92"]
[TimeControl "720+1"]

1. e4 e5 2. Nf3 Nc6 3. Bb5 Nf6 4. O-O Nxe4 5. Re1 Nd6 6. Nxe5 Be7 7. Bf1 Nxe5 
8. Rxe5 O-O 9. d4 Bf6 10. Re1 Re8 11. c3 Rxe1 12. Qxe1 Ne8 13. Bf4 d5 
14. Nd2 Bf5 15. Qe3 c6 16. Re1 Nd6 17. Nf3 a5 18. Ne5 h6 19. g4 Bh7 20. Bg3 Bg5 
21. f4 Bf6 22. f5 Ne4 23. Bd3 Nxg3 24. hxg3 Bg5 25. Qf2 Bf6 26. c4 Kf8 
27. Kg2 Rc8 28. c5 Rc7 29. a3 Re7 30. b4 axb4 31. axb4 Qe8 32. Qb2 g6 33. b5 Kg7 
34. Re2 cxb5 35. Bxb5 Qc8 36. Qb1 gxf5 37. Bd3 Bxe5 38. Rxe5 Rxe5 39. dxe5 Qe6 
40. gxf5 Qxe5 41. f6+ Kxf6 42. Bxh7 Qe2+ 43. Kh3 Qh5+ 44. Kg2 Qe2+ 45. Kh3 Qh5+ 
46. Kg2 Qe2+ 1/2-1/2

[Event "Thursday 05 April Rapid Engine Tour 12+1 Rounds 9 Starts 1600ST"]
[Site "Infinity Chess"]
[Date "2018.4.5"]
[Round "7"]
[White "Deep_Impact"]
[Black "Mr Aj"]
[Result "1/2-1/2"]
[ECO "B23"]
[WhiteElo "2460"]
[BlackElo "2434"]
[WhiteEngine "BrainFish_180404_x64_bmi2"]
[BlackEngine "Houdini 6"]
[EventType "Swiss"]
[WhiteTeam ""]
[BlackTeam ""]
[PlyCount "152"]
[TimeControl "720+1"]

1. e4 c5 2. Nc3 d6 3. Nf3 a6 4. d4 cxd4 5. Nxd4 Nf6 6. Be3 e5 7. Nb3 Be6 
8. f3 h5 9. Qd2 Nbd7 10. Nd5 Nxd5 11. exd5 Bf5 12. Na5 Rb8 13. a4 Be7 
14. Be2 O-O 15. Nc4 e4 16. O-O Qc7 17. f4 Bg4 18. a5 f5 19. Nb6 Bf6 
20. Nxd7 Qxd7 21. c4 Bxe2 22. Qxe2 Rbc8 23. Ra2 h4 24. b4 h3 25. g3 g6 
26. Rc1 Rfd8 27. Qd1 Qg7 28. Rac2 Qd7 29. Rd2 Re8 30. Kh1 Kf7 31. Qc2 Rc7 
32. Qb3 Kf8 33. Kg1 Qh7 34. Bb6 Rd7 35. Be3 Rc7 36. Qa4 Rec8 37. c5 Qh8 
38. Kf1 Kg7 39. Rdc2 Kh6 40. Rc4 Qg8 41. Qd1 Kg7 42. Ke2 Kh7 43. Bd4 Be7 
44. Qf1 Bf8 45. Qxh3+ Bh6 46. Be3 Qxd5 47. Rd4 Qb3 48. Rxd6 Qxb4 49. g4 fxg4 
50. Qxg4 Rg8 51. Qh3 Qb2+ 52. Kf1 Rf8 53. Rcd1 Qb5+ 54. Kf2 Rcf7 55. R1d5 Qc4 
56. Rd7 Rxd7 57. Qxd7+ Bg7 58. Qxb7 Rb8 59. Qd7 Rb2+ 60. Rd2 Ra2 61. Rxa2 Qxa2+ 
62. Qd2 Qe6 63. Qc2 Qf5 64. Ke1 Qh5 65. c6 Qf3 66. Qe2 Bc3+ 67. Kd1 Qh3 
68. f5 Bxa5 69. Qxa6 Qxe3 70. Qxa5 Qb3+ 71. Kc1 Qc4+ 72. Kb1 Qxc6 73. fxg6+ Kxg6 
74. Qe5 Qb6+ 75. Kc2 Qe3 76. Kb2 Qf2+ 1/2-1/2

[Event "Thursday 05 April Rapid Engine Tour 12+1 Rounds 9 Starts 1600ST"]
[Site "Infinity Chess"]
[Date "2018.4.5"]
[Round "7"]
[White "Eman"]
[Black "RonWeasley"]
[Result "1/2-1/2"]
[ECO "C08"]
[WhiteElo "2494"]
[BlackElo "2472"]
[WhiteEngine "Eman 1.70-beta15 64-bit POPCNT"]
[BlackEngine "BrainFish 010418 WM_CTG"]
[EventType "Swiss"]
[WhiteTeam ""]
[BlackTeam ""]
[PlyCount "56"]
[TimeControl "720+1"]

1. e4 e6 2. d4 d5 3. Nd2 c5 4. exd5 exd5 5. Ngf3 Nf6 6. Bb5+ Bd7 7. Bxd7+ Nbxd7 
8. O-O Be7 9. dxc5 Nxc5 10. Nb3 Nce4 11. Be3 O-O 12. Re1 Bd6 13. c3 Re8 
14. h3 h6 15. Nc1 Qd7 16. Nd3 Re7 17. Nd4 Rae8 18. Qf3 Bc7 19. Nf5 Re6 
20. Nd4 R6e7 21. Rad1 a5 22. Bf4 Bb6 23. Be3 Bc7 24. h4 h5 25. Nf5 Re6 
26. Nd4 R6e7 27. Nf5 Re6 28. Nd4 R6e7 1/2-1/2

[Event "Thursday 05 April Rapid Engine Tour 12+1 Rounds 9 Starts 1600ST"]
[Site "Infinity Chess"]
[Date "2018.4.5"]
[Round "7"]
[White "MarioDeMonti"]
[Black "THE_MACHINE"]
[Result "1/2-1/2"]
[ECO "D02"]
[WhiteElo "2501"]
[BlackElo "2485"]
[WhiteEngine "stockfish_x64_bmi2_2018_02_18_CTG"]
[BlackEngine "BrainFish_180404_x64_bmi2"]
[EventType "Swiss"]
[WhiteTeam ""]
[BlackTeam ""]
[PlyCount "42"]
[TimeControl "720+1"]

1. d4 d5 2. Nf3 Nf6 3. c4 e6 4. Nc3 dxc4 5. e4 Bb4 6. Bg5 c5 7. Bxc4 cxd4 
8. Nxd4 Bxc3+ 9. bxc3 Qa5 10. Bb5+ Bd7 11. Bxf6 gxf6 12. Qb3 O-O 13. O-O Rd8 
14. c4 Bxb5 15. Nxb5 Nc6 16. Rab1 Ne5 17. Qg3+ Kf8 18. Qh4 Kg7 19. Qg3+ Kf8 
20. Qh4 Kg7 21. Qg3+ Kf8 1/2-1/2

[Event "Thursday 05 April Rapid Engine Tour 12+1 Rounds 9 Starts 1600ST"]
[Site "Infinity Chess"]
[Date "2018.4.5"]
[Round "7"]
[White "Murx"]
[Black "ivrdurant"]
[Result "1/2-1/2"]
[ECO "C68"]
[WhiteElo "2503"]
[BlackElo "2465"]
[WhiteEngine "BrainFish_180404_x64_modern"]
[BlackEngine "Raubfisch ME262_GTZ16d4"]
[EventType "Swiss"]
[WhiteTeam ""]
[BlackTeam ""]
[PlyCount "52"]
[TimeControl "720+1"]

1. e4 e5 2. Nf3 Nc6 3. Bb5 a6 4. Bxc6 dxc6 5. O-O Bg4 6. h3 h5 7. d3 Qf6 
8. Nbd2 g5 9. b4 Be6 10. Bb2 Bd6 11. d4 g4 12. dxe5 Qg7 13. exd6 Qxb2 
14. Ng5 O-O-O 15. dxc7 Kxc7 16. Qe2 Qxc2 17. Rfd1 gxh3 18. Qf3 Nh6 19. gxh3 Kc8 
20. Rac1 Qxa2 21. Qc3 Rhg8 22. f4 Bxh3 23. Kh1 Bg2+ 24. Kg1 Bh3 25. Kh1 Bg2+ 
26. Kg1 Bh3 1/2-1/2

[Event "Thursday 05 April Rapid Engine Tour 12+1 Rounds 9 Starts 1600ST"]
[Site "Infinity Chess"]
[Date "2018.4.5"]
[Round "7"]
[White "Brtroy"]
[Black "hafaba"]
[Result "1/2-1/2"]
[ECO "A50"]
[WhiteElo "2509"]
[BlackElo "2469"]
[WhiteEngine "Stockfish_18040103_x64_bmi2_CTG"]
[BlackEngine "Eman 1.70-beta15 64-bit POPCNT"]
[EventType "Swiss"]
[WhiteTeam ""]
[BlackTeam ""]
[PlyCount "182"]
[TimeControl "720+1"]

1. d4 Nf6 2. c4 c6 3. Nc3 d5 4. Nf3 e6 5. Bg5 h6 6. Bxf6 Qxf6 7. e3 g6 
8. Be2 Nd7 9. O-O Bg7 10. cxd5 exd5 11. b4 Qd6 12. b5 O-O 13. Rc1 Nb6 
14. bxc6 bxc6 15. Na4 Re8 16. Nc5 Nd7 17. Na4 Nb6 18. Nc5 Nd7 19. Ne1 Nxc5 
20. Rxc5 Bf8 21. Nd3 Qc7 22. Rc3 Bd6 23. h3 Bf5 24. Qa4 Qe7 25. Qa6 Bd7 
26. Rb3 h5 27. Rc1 Qg5 28. Kf1 Rac8 29. Qxa7 Rcd8 30. Qa5 Ra8 31. Qd2 Ra7 
32. Nc5 Bf5 33. a4 Rea8 34. Ra3 Bc7 35. Bd3 Bc8 36. Rb1 Qf6 37. Kg1 Qd6 
38. f4 Qe7 39. Kh2 Kg7 40. Kh1 Qf6 41. Rf1 Kg8 42. Ra2 Qh4 43. Kg1 Bd6 
44. Bc2 Qe7 45. Qc3 Bc7 46. Rf3 Ba5 47. Qb3 Bg4 48. hxg4 hxg4 49. Rg3 Qh4 
50. e4 Bd2 51. Re3 Kg7 52. Qd3 Bxe3+ 53. Qxe3 g3 54. e5 Rb8 55. Kf1 Qh1+ 
56. Qg1 Qxg1+ 57. Kxg1 Rb4 58. Bd3 Rxd4 59. a5 Rxf4 60. a6 Rh4 61. Kf1 Rh5 
62. Ke2 Rxe5+ 63. Kf3 d4 64. Rc2 Re3+ 65. Kf4 Kf6 66. Rc4 g5+ 67. Kg4 Ke5 
68. Ra4 Kd5 69. Ra5 Kd6 70. Ne4+ Kc7 71. Ra3 Kb6 72. Nd2 Kc5 73. Kxg5 Rxa6 
74. Rxa6 Rxd3 75. Ne4+ Kb5 76. Ra2 c5 77. Rb2+ Kc4 78. Rc2+ Kb4 79. Nxc5 Rc3 
80. Na6+ Kb5 81. Nc7+ Kc4 82. Rd2 d3 83. Kf4 Rc1 84. Kxg3 Kc3 85. Rf2 d2 
86. Nd5+ Kd3 87. Nb4+ Kc3 88. Na2+ Kc2 89. Nxc1 Kxc1 90. Rf1+ Kc2 91. Rg1 d1=Q 
1/2-1/2

[Event "Thursday 05 April Rapid Engine Tour 12+1 Rounds 9 Starts 1600ST"]
[Site "Infinity Chess"]
[Date "2018.4.5"]
[Round "7"]
[White "Marsell"]
[Black "xeonrocks"]
[Result "0-1"]
[ECO "C53"]
[WhiteElo "2480"]
[BlackElo "2582"]
[WhiteEngine "asmFishW_2018-04-02_bmi2"]
[BlackEngine "Stockfish_x64_bmi2_CTG"]
[EventType "Swiss"]
[WhiteTeam ""]
[BlackTeam ""]
[PlyCount "238"]
[TimeControl "720+1"]

1. e4 e5 2. Nf3 Nc6 3. Bc4 Bc5 4. c3 Nf6 5. d3 d6 6. O-O a5 7. Bg5 Ba7 
8. Nbd2 h6 9. Bh4 Bd7 10. a4 Qe7 11. Bg3 Nh5 12. Kh1 O-O 13. h3 Nxg3+ 
14. fxg3 Be3 15. Kh2 g6 16. Qe2 Ba7 17. Bb5 Be6 18. Bc4 Kg7 19. Rae1 Bd7 
20. Bb3 Rae8 21. g4 f6 22. Nc4 Rh8 23. Ne3 Bxe3 24. Qxe3 Ref8 25. d4 Nd8 
26. Bd1 Ne6 27. g3 h5 28. gxh5 Rxh5 29. h4 Rhh8 30. Kg2 Nd8 31. Rf2 Nf7 
32. Bb3 Nh6 33. Qd3 Re8 34. Rd2 Ng4 35. Qc4 Bc8 36. Rde2 c6 37. Qd3 Rhf8 
38. Qd2 Nh6 39. Nh2 Qd7 40. Kg1 Qd8 41. Kg2 Qd7 42. Kg1 Qd8 43. Kg2 Qc7 
44. dxe5 dxe5 45. Qe3 Rd8 46. Rf2 Bg4 47. Rff1 Bd7 48. Rf2 Qc8 49. Qc5 Bh3+ 
50. Kh1 Qc7 51. Bc4 Bg4 52. Rg2 Bh3 53. Rf2 Ng4 54. Nxg4 Bxg4 55. Rb1 Rd6 
56. Qe3 Rfd8 57. Kh2 Rh8 58. Kg1 Rhd8 59. Kh2 Rd1 60. Rxd1 Bxd1 61. b3 Rd6 
62. Kg2 Qd8 63. Qa7 Rd7 64. Qe3 Bg4 65. Be2 Be6 66. c4 Rd4 67. g4 Qh8 68. Kg3 c5 
69. Bd3 Bd7 70. Bc2 b6 71. Rf1 Qb8 72. Rf2 Qd6 73. g5 f5 74. exf5 gxf5 
75. Rxf5 Bxf5 76. Bxf5 Rf4 77. Bc2 Kh8 78. Bb1 Kg8 79. Qd3 Qxd3+ 80. Bxd3 Rd4 
81. Be2 Rd2 82. Bf3 Rd3 83. Kf2 e4 84. Bxe4 Rh3 85. Bf5 Rxh4 86. Kg3 Rd4 
87. Kf3 Kf7 88. Ke3 Ke7 89. Be4 Kd6 90. g6 Ke7 91. Bd5 Kf8 92. Be4 Kg7 
93. Kf4 Rd2 94. Ke5 Re2 95. Kf5 Re3 96. Bc2 Rf3+ 97. Ke4 Rc3 98. Bd1 Kxg6 
99. Ke5 Re3+ 100. Kf4 Re1 101. Bf3 Kf6 102. Bc6 Rb1 103. Ke4 Rxb3 104. Be8 Ke7 
105. Bc6 Ke6 106. Be8 Kd6 107. Bh5 Rb4 108. Bd1 b5 109. Kd3 bxa4 110. Kc3 a3 
111. Bb3 a4 112. Ba2 Rb2 113. Bb1 Rxb1 114. Kd3 a2 115. Ke3 Rf1 116. Kd2 a1=Q 
117. Ke2 Qd1+ 118. Ke3 a3 119. Ke4 Qd4# 0-1

[Event "Thursday 05 April Rapid Engine Tour 12+1 Rounds 9 Starts 1600ST"]
[Site "Infinity Chess"]
[Date "2018.4.5"]
[Round "6"]
[White "RonWeasley"]
[Black "angriff"]
[Result "1-0 "]
[ECO "D30"]
[WhiteElo "2472"]
[BlackElo "2365"]
[WhiteEngine "BrainFish 010418 WM_CTG"]
[BlackEngine "DracoREX 3.07 64BIT POPCNT_CTG"]
[EventType "Swiss"]
[WhiteTeam ""]
[BlackTeam ""]
[PlyCount "165"]
[TimeControl "720+1"]

1. d4 d5 2. c4 e6 3. Nf3 Nf6 4. Nc3 c6 5. Bg5 h6 6. Bxf6 Qxf6 7. e3 Nd7 
8. Be2 g6 9. O-O Bg7 10. e4 dxe4 11. Nxe4 Qf4 12. Qc2 f5 13. Ned2 c5 14. g3 Qd6 
15. Nh4 Kf7 16. d5 e5 17. Rae1 e4 18. f3 e3 19. Nb3 a5 20. a4 Re8 21. f4 Nf6 
22. Bf3 b6 23. Nc1 Ne4 24. Bxe4 Rxe4 25. Nf3 Kg8 26. b3 Bf6 27. Nd3 Bd4 
28. Kg2 Ra7 29. h4 Rae7 30. Nc1 Bh8 31. Na2 Qf6 32. Re2 Bg7 33. Rd1 Bd7 
34. Rde1 Re8 35. Qc1 Bc8 36. Rc2 Bd7 37. Rce2 R8e7 38. Rh1 Re8 39. Qe1 Qf8 
40. Nc1 Bd4 41. Nd3 Bc8 42. Qb1 Qg7 43. Qf1 R8e7 44. Qd1 Bc3 45. Rh2 Bd4 
46. Qc2 Bb7 47. Kh1 Bf6 48. Qc1 Bc8 49. Kg2 Kf8 50. Rh1 Ke8 51. Rhe1 Bd4 
52. Kf1 Bb7 53. Kg1 Bc3 54. Rxe3 Bxe1 55. Rxe1 Rxe1+ 56. Ndxe1 Kd8 57. Nd3 Kc7 
58. Kf2 Re8 59. Kg1 Bc8 60. Qd2 Bb7 61. Nde5 Qf6 62. Kg2 Rg8 63. Qd3 Rd8 
64. Qe3 Bc8 65. Kg1 Qg7 66. Kh2 Qf6 67. Kg1 Re8 68. Kg2 Bb7 69. Kf2 Bc8 
70. Qd3 Bb7 71. Kg2 Rd8 72. Kh2 Re8 73. Qc3 Ba6 74. Kh3 Rb8 75. Qd2 Bc8 
76. Kh2 Bd7 77. Qd3 Rg8 78. Kh3 Rd8 79. Qc3 Rg8 80. Qc1 Be8 81. Qd2 Bd7 
82. Qe1 Re8 83. Kg2 1-0

[Event "Thursday 05 April Rapid Engine Tour 12+1 Rounds 9 Starts 1600ST"]
[Site "Infinity Chess"]
[Date "2018.4.5"]
[Round "6"]
[White "SkyPilot"]
[Black "koalachess"]
[Result "1/2-1/2 "]
[ECO "C02"]
[WhiteElo "2464"]
[BlackElo "2245"]
[WhiteEngine "stockfish_x64_bmi2_2018_03_30_CTG"]
[BlackEngine "asmFishW_2017-11-19_popcnt_CTG"]
[EventType "Swiss"]
[WhiteTeam ""]
[BlackTeam ""]
[PlyCount "203"]
[TimeControl "720+1"]

1. e4 e6 2. d4 d5 3. e5 c5 4. c3 Nc6 5. Nf3 Bd7 6. Be2 Nge7 7. O-O cxd4 
8. cxd4 Nf5 9. Nc3 a6 10. g4 Nh4 11. Nxh4 Qxh4 12. f4 Rc8 13. Be3 Na5 
14. Bf2 Qd8 15. f5 Nc4 16. b3 Nxe5 17. Nxd5 Nxg4 18. Bxg4 exd5 19. Re1+ Be7 
20. Bh4 f6 21. Bh5+ Kf8 22. Qf3 Rg8 23. Qxd5 Be8 24. Bf3 g6 25. fxg6 Rxg6+ 
26. Kh1 Qxd5 27. Bxd5 Bc6 28. Bxc6 Rxc6 29. Bg3 Rg5 30. Rac1 Kf7 31. Kg2 Rd5 
32. Rxc6 bxc6 33. Bf2 c5 34. dxc5 Bxc5 35. Bxc5 Rxc5 36. Kf3 Rf5+ 37. Ke2 Rh5 
38. a4 Rh3 39. Rc1 Rxb3 40. Rc6 a5 41. Ra6 Kg6 42. Rxa5 Rh3 43. Rb5 Rxh2+ 
44. Kf3 Rh3+ 45. Ke2 Ra3 46. Rb4 Kg5 47. a5 Rxa5 48. Kf2 h5 49. Rb8 h4 
50. Kg2 Kg4 51. Rb4+ Kh5 52. Rb7 Rg5+ 53. Kh3 Rg3+ 54. Kh2 f5 55. Rh7+ Kg4 
56. Rg7+ Kf3 57. Rh7 Rg4 58. Kh3 Rg1 59. Kh2 Ra1 60. Rxh4 Ra2+ 61. Kh3 f4 
62. Rh5 Ra7 63. Rh6 Rf7 64. Rh5 Ra7 65. Rh6 Rg7 66. Rh4 Rd7 67. Rh5 Re7 
68. Rh6 Rg7 69. Rh8 Rd7 70. Rh5 Re7 71. Rh8 Re6 72. Rh7 Rg6 73. Rh4 Rf6 
74. Rh5 Ra6 75. Rh7 Rg6 76. Rh8 Rg5 77. Rh7 Rb5 78. Rh6 Re5 79. Rh7 Ra5 
80. Rh6 Ra8 81. Rh5 Rd8 82. Rh6 Rf8 83. Rh5 Re8 84. Rh6 Re5 85. Rh8 Rb5 
86. Rh6 Rg5 87. Rh8 Rc5 88. Rh6 Rb5 89. Rh7 Rg5 90. Rh8 Rg7 91. Rh6 Ra7 
92. Rh5 Ra8 93. Rh6 Rd8 94. Rh7 Rd5 95. Rh8 Rg5 96. Rh6 Rd5 97. Rh8 Rc5 
98. Rh6 Rc8 99. Rh5 Rc7 100. Rh6 Rc1 101. Kh2 Kf2 102. Rb6 1/2-1/2

[Event "Thursday 05 April Rapid Engine Tour 12+1 Rounds 9 Starts 1600ST"]
[Site "Infinity Chess"]
[Date "2018.4.5"]
[Round "6"]
[White "MCDermont"]
[Black "Vimtiroba"]
[Result "1/2-1/2"]
[ECO "D30"]
[WhiteElo "2502"]
[BlackElo "2405"]
[WhiteEngine "BrainFish 010418 WM_CTG"]
[BlackEngine "SF9 ''M24''_CTG"]
[EventType "Swiss"]
[WhiteTeam ""]
[BlackTeam ""]
[PlyCount "155"]
[TimeControl "720+1"]

1. d4 d5 2. c4 e6 3. Nf3 Nf6 4. Nc3 c6 5. Bg5 h6 6. Bxf6 Qxf6 7. e3 Nd7 
8. Be2 g6 9. O-O Bg7 10. e4 dxe4 11. Nxe4 Qf4 12. Qc2 f5 13. Ned2 c5 14. g3 Qc7 
15. Nh4 Bxd4 16. Nxg6 Rg8 17. Nh4 Nf6 18. Ndf3 Rxg3+ 19. hxg3 Qxg3+ 20. Ng2 Ng4 
21. Qd2 Bxf2+ 22. Rxf2 Qxf2+ 23. Kh1 Bd7 24. Ne5 O-O-O 25. Nxg4 fxg4 26. Rd1 h5 
27. b3 g3 28. Qd3 h4 29. Bg4 Kb8 30. Rd2 Qf6 31. Kg1 Ka8 32. Ne3 Qa1+ 
33. Nf1 Rf8 34. Bh3 Bc8 35. Qd6 Qf6 36. Ne3 a6 37. Ng4 Qf4 38. Qxf4 Rxf4 
39. Rd8 Kb8 40. Rh8 Re4 41. Rxh4 b5 42. Rh8 bxc4 43. bxc4 Rxc4 44. Ne5 Re4 
45. Nf7 Re1+ 46. Kg2 Kc7 47. Kxg3 Re3+ 48. Kf2 Ra3 49. Rh7 Rxa2+ 50. Ke3 Ra3+ 
51. Kd2 Ra2+ 52. Kd3 Ra3+ 53. Kc2 Ra2+ 54. Kb3 Rh2 55. Ne5+ Kd6 56. Nc4+ Kc6 
57. Na5+ Kb6 58. Nc4+ Kc6 59. Kc3 a5 60. Nxa5+ Kb6 61. Nc4+ Kc6 62. Ne5+ Kb6 
63. Rh6 Kc7 64. Ng4 Rh1 65. Nf2 Rc1+ 66. Kd2 Ra1 67. Kc3 Ra3+ 68. Kb2 Re3 
69. Rh7+ Kb6 70. Kc1 Ba6 71. Rh6 Re1+ 72. Nd1 Be2 73. Kd2 Rxd1+ 74. Kxe2 Rh1 
75. Rxe6+ Kb5 76. Bf1 c4 77. Rf6 Rh2+ 78. Kd1 1/2-1/2

[Event "Thursday 05 April Rapid Engine Tour 12+1 Rounds 9 Starts 1600ST"]
[Site "Infinity Chess"]
[Date "2018.4.5"]
[Round "6"]
[White "star99"]
[Black "KQRBNP"]
[Result "1/2-1/2"]
[ECO "B23"]
[WhiteElo "2395"]
[BlackElo "2412"]
[WhiteEngine "Cryptic Heroes 9.3B"]
[BlackEngine "Eman 1.70-beta15 64-bit POPCNT"]
[EventType "Swiss"]
[WhiteTeam ""]
[BlackTeam ""]
[PlyCount "157"]
[TimeControl "720+1"]

1. e4 c5 2. Nc3 d6 3. Nf3 Nf6 4. d4 cxd4 5. Qxd4 Nc6 6. Qd3 g6 7. Be2 Bg7 
8. h3 O-O 9. O-O Be6 10. Ng5 Ne5 11. Qe3 Bc4 12. f4 Bxe2 13. Qxe2 Nc6 
14. Rb1 Rc8 15. Be3 Qa5 16. f5 h6 17. Nf3 Nh5 18. Rfd1 Bxc3 19. bxc3 Ng3 
20. Qe1 Nxe4 21. Bxh6 Nxc3 22. Bxf8 Rxf8 23. fxg6 fxg6 24. Rxb7 Nxd1 
25. Qxd1 Ne5 26. Nd4 Qd5 27. Rxa7 Qc5 28. Ra4 Qc3 29. Kh2 Qe3 30. Qe2 Qf4+ 
31. g3 Qc1 32. Kg2 Qb1 33. Qb5 Qe1 34. Qe2 Qc1 35. Ne6 Rc8 36. Nd4 Rb8 
37. Nf3 Rc8 38. Ne1 Qb1 39. Ra7 Kf7 40. Qe3 Rc4 41. Qd2 Ke6 42. Ra3 Qb2 
43. Ra7 Qb5 44. Ra3 g5 45. Re3 Kf6 46. Kh2 Qc6 47. Qf2+ Kg6 48. Qf8 Qd5 
49. Kg1 Re4 50. Rxe4 Qxe4 51. Kf2 Nf7 52. Qc8 Qd4+ 53. Kf1 Qf6+ 54. Kg2 Qe5 
55. Nd3 Qd5+ 56. Kf1 Qxa2 57. Nf2 Ne5 58. Qe8+ Qf7 59. Qxf7+ Nxf7 60. Ke2 Ne5 
61. Ne4 d5 62. Nd2 e6 63. Kf2 Kf5 64. Ke3 Nc6 65. c4 dxc4 66. Nxc4 Kf6 
67. Nd6 Ne5 68. Ne4+ Kf5 69. g4+ Kg6 70. Kd4 Nf3+ 71. Ke3 Ng1 72. Kf2 Nxh3+ 
73. Kf3 Nf4 74. Nc5 e5 75. Ke4 Ne2 76. Kxe5 Ng1 77. Ke4 Ne2 78. Ke5 Kh6 79. Kf6 
1/2-1/2